 Dungeon Crawl Stone Soup version 0.26-a0-712-ga5a9c9c9d0 (webtiles) character file.

Game seed: 12573278749898775732

61 kae the Ruffian (level 3, -6/32 HPs)
             Began as a Troll Transmuter on Nov 11, 2020.
             Mangled by a gnoll
             ... wielding a +0 halberd
              (15 damage)
             ... on level 2 of the Dungeon.
             The game lasted 00:00:29 (663 turns).

kae the Ruffian (Troll Transmuter)                   Turns: 663, Time: 00:00:30

Health: -6/32      AC:  6    Str: 19    XL:     3   Next: 83%
Magic:  4/4        EV: 10    Int:  9    God:
Gold:   55         SH:  0    Dex: 10    Spells: 4/5 levels left

rFire    . . .     SeeInvis .     - Unarmed
rCold    . . .     Faith    .   (no shield)
rNeg     . . .     Spirit   .   a - +0 robe
rPois    .         Reflect  .   (helmet restricted)
rElec    .         Harm     .   (no cloak)
rCorr    .         Rampage  .   (gloves unavailable)
MR       .....                  (boots unavailable)
Stlth    +.........             (no amulet)
HPRegen  0.50/turn              (no ring)
MPRegen  0.09/turn              (no ring)

@: no status effects
A: large, unfitting armour, claws 3, regeneration 1, shaggy fur 1, tough skin 3
a: no special abilities


You were on level 2 of the Dungeon.
You visited 1 branch of the dungeon, and saw 2 of its levels.

You collected 55 gold pieces.

Inventory:

Armour
 a - a +0 robe (worn)
Scrolls
 b - a scroll of remove curse {unknown}
 c - 2 scrolls of magic mapping {unknown}
 d - a scroll of teleportation {unknown}
 e - a scroll of noise {unknown}
 f - a scroll of enchant weapon {unknown}


   Skills:
 - Level 0.7 Fighting
 - Level 1.5 Dodging
 * Level 3.8 Unarmed Combat
 * Level 1.9 Spellcasting
 + Level 1.8 Transmutations


You had 4 spell levels left.
You knew the following spells:

 Your Spells              Type           Power        Failure   Level
a - Beastly Appendage     Tmut           #.....       16%         1

Your spell library contained the following spells:

 Spells                   Type           Power        Failure   Level
 Wereblood                Tmut           #.......     24%         2
 Spider Form              Tmut/Pois      #.........   56%         3
 Ice Form                 Ice/Tmut       #.......     92%         4
 Blade Hands              Tmut           #.........   99%         5


Dungeon Overview and Level Annotations

Branches:
Dungeon (2/15)

Altars:


Innate Abilities, Weirdness & Mutations

You are too large for most types of armour.
You have claws for hands.
Your natural rate of healing is unusually fast.
You are covered in fur. (AC +1)
You have extremely tough skin. (AC +3)


Message History

Things that are here:
a +0 halberd; a frilled lizard corpse; a ball python corpse You scratch the gnoll.
The gnoll is heavily wounded.
The gnoll barely misses you.
The gnoll hits you with a cursed -1 halberd!
You are too injured to fight recklessly!
You are too injured to fight recklessly!
You are too injured to fight recklessly!
You are too injured to fight recklessly!
You are too injured to fight recklessly!
You are too injured to fight recklessly!
The gnoll hits you from afar with a +0 halberd!
* * * LOW HITPOINT WARNING * * *
The gnoll hits you from afar with a cursed -1 halberd.
* * * LOW HITPOINT WARNING * * *
You see here 9 gold pieces.
There is a stone staircase leading up here.
The gnoll hits you from afar with a +0 halberd!
You die...

#. # .. .#
#.###. #.#.. .#
. #.#.# .#.#
######.#.###.#..
.......)†.......
.....#.#.†...#.
...
#.#@.##.##### .
#.#.........+
..#g.#.#.##
###.g..#.#
..######.....#
........g#####
..#####..#
####g)# #.....#


You could see 3 gnolls.

Vanquished Creatures
  A gnoll (D:2)
  2 dart slugs (D:1)
  2 leopard geckos (D:1)
  3 bats (D:1)
  4 giant cockroaches (D:1)
  8 goblins
  3 hobgoblins (D:1)
  3 jackals (D:2)
  A ball python (D:2)
  3 frilled lizards
  9 kobolds (D:1)
  5 rats
44 creatures vanquished.

Notes
Turn   | Place    | Note
-------+----------+-------------------------------------------
     0 | D:1      | kae the Troll Transmuter began the quest for the Orb.
     0 | D:1      | Reached XP level 1. HP: 18/18 MP: 1/1
    99 | D:1      | Reached XP level 2. HP: 26/26 MP: 3/3
   333 | D:1      | Reached XP level 3. HP: 31/32 MP: 4/4
   663 | D:2      | Mangled by a gnoll

Illustrated notes

Levels and vault maps discovered:
D:1:      ebering_trefoil_twist, layout_loops_cross
D:2:      layout_basic

Action                   || total
-------------------------++-------
Melee: Unarmed           ||    95
 Cast: Beastly Appendage ||     1
 Stab: Sleeping          ||     1
Armor: Robe              ||    30
Dodge: Dodged            ||    66

Table legend: (Time is in decaauts)
 A = Elapsed time spent in this place.
 B = Non-inter-level travel time spent in this place.
 C = Inter-level travel time spent in this place.
 D = Time resting spent in this place.
 E = Time spent auto-exploring this place.
 F = Levels seen in this place.
 G = Mean time per level.
                   A        B        C        D        E       F      G
               +--------+--------+--------+--------+--------+-----+--------+
         Total |    659 |    651 |      8 |      0 |    457 |   2 |  329.5 |
       Dungeon |    659 |    651 |      8 |      0 |    457 |   2 |  329.5 |
               +--------+--------+--------+--------+--------+-----+--------+

Top non-repeatable levels by time:
     D:1: 586 daAuts
     D:2: 73 daAuts
